 Dungeon Crawl Stone Soup version 0.24-a0-459-g225fefd530 (webtiles) character file.

Game seed: 13199056823532155390

2265 pk666 the Thaumaturge (level 9, -2/45 HPs)
             Began as a Deep Elf Wizard on June 30, 2019.
             Slain by a centaur (5 damage)
             ... on level 7 of the Dungeon.
             The game lasted 00:16:45 (8530 turns).

pk666 the Thaumaturge (Deep Elf Wizard)             Turns: 8530, Time: 00:16:46

Health: -2/45      AC:  3    Str:  4    XL:     9   Next: 16%
Magic:  16/23      EV: 15    Int: 27    God:
Gold:   281        SH:  0    Dex: 13    Spells: 16/25 levels left

rFire    . . .     SeeInvis .   A - staff of wizardry
rCold    . . .     Gourm    .   (no shield)
rNeg     . . .     Faith    .   a - +0 robe
rPois    .         Spirit   .   b - +0 hat
rElec    .         Reflect  .   k - +0 cloak
rCorr    .         Harm     .   (no gloves)
MR       .....                  (no boots)
Stlth    +++.......             (no amulet)
HPRegen  0.15/turn              g - ring of stealth
MPRegen  0.18/turn              (no ring)

@: no status effects
A: no striking features
a: no special abilities


You were on level 7 of the Dungeon.
You were very hungry.

You visited 1 branch of the dungeon, and saw 7 of its levels.

You collected 325 gold pieces.
You spent 44 gold pieces at shops.

Inventory:

Hand Weapons
 s - a +0 dagger
Armour
 a - a +0 robe (worn)
 b - a +0 hat (worn)
 k - a +0 cloak (worn)
 r - a scarf of spirit shield
Magical Staves
 A - an uncursed staff of wizardry (weapon)
Jewellery
 g - a ring of stealth (left hand)
 z - an uncursed ring of stealth
 B - a +2 amulet of reflection
Wands
 m - a wand of flame (37)
 y - a wand of iceblast (9)
Scrolls
 e - a scroll of magic mapping {unknown}
 f - a scroll of immolation
 i - 8 scrolls of teleportation
 j - 2 scrolls of noise {unknown}
 l - 5 scrolls of identify
 n - a scroll of enchant armour {unknown}
 p - a scroll of blinking {unknown}
 q - 2 scrolls of fog
 t - 3 scrolls of amnesia {unknown}
 w - a scroll of fear {unknown}
 x - a scroll of enchant weapon
Potions
 c - 5 potions of curing {unknown}
 h - a potion of degeneration {unknown}
 o - a potion of heal wounds {unknown}
 u - a potion of mutation {unknown}
 v - a potion of lignification {unknown}
Comestibles
 d - 5 rations


   Skills:
 + Level 6.2 Dodging
 - Level 2.4 Stealth
 + Level 8.9 Spellcasting
 + Level 6.5 Conjurations
   Level 1.1 Summonings
 - Level 3.1 Translocations
 + Level 6.0 Fire Magic
 - Level 2.0 Air Magic
 - Level 3.0 Poison Magic


You had 16 spell levels left.
You knew the following spells:

 Your Spells              Type           Power        Failure   Level  Hunger
a - Magic Dart            Conj           ####         1%          1    None
b - Blink                 Tloc           N/A          1%          2    None
c - Conjure Flame         Conj/Fire      #####...     1%          3    None
d - Mephitic Cloud        Conj/Pois/Air  ####....     1%          3    None

Your spell library contained the following spells:

 Spells                   Type           Power        Failure   Level  Hunger
 Call Imp                 Summ           ###.....     1%          2    None
 Slow                     Hex            ##......     3%          2    None


Dungeon Overview and Level Annotations

Branches:
Dungeon (7/15)             Temple (0/1) D:7

Altars:
Ashenzari
Fedhas
Gozag
Makhleb
Nemelex Xobeh
Qazlal
Ru
Sif Muna
Trog
Xom
The Shining One

Shops:
D:5 *


Message History

You see here an arrow.
Casting: Magic Dart (safe; 1% risk of failure)
Confirm with . or Enter, or press ? or * to list all spells.
Aiming: Mephitic Cloud (safe; 1% risk of failure)
Press: ? - help, Shift-Dir - straight line, f/p - centaur
Aim: a centaur, wielding a +0 shortbow The ball explodes into a vile cloud!
The stinking cloud engulfs the centaur but does no damage.
The centaur is engulfed in noxious fumes.
The centaur appears confused.
Casting: Mephitic Cloud (safe; 1% risk of failure)
Confirm with . or Enter, or press ? or * to list all spells.
Aiming: Magic Dart (safe; 1% risk of failure)
Press: ? - help, Shift-Dir - straight line, f/p - centaur
Aim: a centaur, wielding a +0 shortbow (confused)
The magic dart hits the centaur.
The centaur is lightly wounded.
The centaur asks, "Where am I?"
The centaur unwields a +0 shortbow.
The centaur hits you.
You die... gg

#.....## ####..##
). .)....# ##..#
._# ...... #..#
..# ##... #..#
###### ##..#
##.###########..##
#...............#
##..............##
#...@(###########
#..c### #..## #...
#..# .°○. .☼.☼.
####. ##


You could see a centaur (confused).

Vanquished Creatures
  Sigmund (D:2)
  Menkaure (D:5)
  A hornet zombie (D:7)
  An ice beast (D:5)
  2 phantoms
  3 ogres
  2 centaurs
  2 bullfrogs
  A scorpion (D:5)
  3 killer bees (D:7)
  5 crimson imps
  6 hounds
  2 bullfrog skeletons
  An iguana (D:7)
  4 orc wizards (D:4)
  5 worker ants
  2 hound skeletons
  A worker ant zombie (D:7)
  8 gnolls
  7 adders
  A howler monkey skeleton (D:2)
  A shadow imp (D:7)
  A worm (D:3)
  3 dart slugs
  5 leopard geckos
  4 orcs
  7 giant cockroaches
  9 goblins
  9 hobgoblins
  6 jackals
  A ball python (D:2)
  4 bats (D:1)
  2 frilled lizards
  11 kobolds
  A leopard gecko skeleton (D:4)
  3 rats
126 creatures vanquished.

Vanquished Creatures (others)
  5 plants (D:6)
5 creatures vanquished.

Grand Total: 131 creatures vanquished

Notes
Turn   | Place    | Note
-------+----------+-------------------------------------------
     0 | D:1      | pk666 the Deep Elf Wizard began the quest for the Orb.
     0 | D:1      | Reached XP level 1. HP: 10/10 MP: 7/7
   158 | D:1      | Reached XP level 2. HP: 14/15 MP: 5/9
   850 | D:2      | Reached XP level 3. HP: 15/19 MP: 3/11
   913 | D:2      | Learned a level 2 spell: Blink
   917 | D:2      | Learned a level 3 spell: Conjure Flame
   921 | D:2      | Learned a level 3 spell: Mephitic Cloud
  1078 | D:2      | Reached skill level 5 in Spellcasting
  1163 | D:2      | Noticed Sigmund
  1182 | D:2      | Killed Sigmund
  1182 | D:2      | Reached skill level 1 in Fire Magic
  1182 | D:2      | Reached skill level 1 in Air Magic
  1182 | D:2      | Reached skill level 1 in Poison Magic
  1182 | D:2      | Reached XP level 4. HP: 15/24 MP: 1/13
  1182 | D:2      | Reached XP level 5. HP: 18/28 MP: 1/14
  1897 | D:2      | You fall into a shaft and drop 2 floors!
  1944 | D:3      | You fall into a shaft and drop 3 floors!
  1948 | D:5      | Entered Level 5 of the Dungeon
  2015 | D:4      | Reached XP level 6. HP: 32/32 MP: 13/16
  2656 | D:3      | Found a sparkling altar of Nemelex Xobeh.
  2656 | D:3      | Found a shattered altar of Ashenzari.
  2656 | D:3      | Found a stormy altar of Qazlal.
  2656 | D:3      | Found a glowing golden altar of the Shining One.
  3794 | D:4      | Reached skill level 6 in Spellcasting
  3794 | D:4      | Reached XP level 7. HP: 36/36 MP: 2/18
  4645 | D:4      | Found a burning altar of Makhleb.
  4645 | D:4      | Found an opulent altar of Gozag.
  5551 | D:5      | Reached skill level 7 in Spellcasting
  5715 | D:5      | Found Achuckir's General Store.
  5721 | D:5      | Bought a scroll of identify for 22 gold pieces
  5721 | D:5      | Bought a scroll of fog for 22 gold pieces
  5761 | D:5      | Found a bloodstained altar of Trog.
  5971 | D:5      | Reached XP level 8. HP: 41/41 MP: 13/20
  6040 | D:5      | Noticed Menkaure
  6049 | D:5      | Killed Menkaure
  6049 | D:5      | Reached skill level 5 in Conjurations
  6209 | D:5      | Found a deep blue altar of Sif Muna.
  6907 | D:6      | Found a sacrificial altar of Ru.
  7062 | D:6      | Reached skill level 5 in Dodging
  7160 | D:6      | Reached skill level 8 in Spellcasting
  7160 | D:6      | Reached skill level 5 in Fire Magic
  7231 | D:6      | Found a blossoming altar of Fedhas.
  8030 | D:7      | Found a staircase to the Ecumenical Temple.
  8129 | D:7      | Reached XP level 9. HP: 45/45 MP: 8/23
  8342 | D:7      | Found a shimmering altar of Xom.
  8342 | D:7      | Found a shimmering altar of Xom.
  8343 | D:7      | Found a shimmering altar of Xom.
  8527 | D:7      | HP: 2/45 [centaur/arrow (12)]
  8530 | D:7      | Slain by a centaur

Levels and vault maps discovered:
D:1:      giann_horns, layout_rooms, kennysheep_crisscross
D:2:      layout_loops_ring, kennysheep_generic_room_14, uniq_sigmund
D:3:      layout_loops_corners, chequers_temple_overflow_statue_of_worship
D:4:      layout_basic, gammafunk_temple_overflow_wave, minivault_4
D:5:      layout_rooms, led_sif_pool, first_ration, serial_shops, shop_statue,
          minivault_14, st_stairs_1, serial_bayou_lagoon_a, trog_hazing_becter,
          uniq_menkaure
D:6:      layout_loops_cross, nicolae_ru_path_of_blood,
          fedhas_altar_decomposition
D:7:      layout_layer_cave, temple_hall, xom_shifter_show

Skill      XL: |  1  2  3  4  5  6  7  8  9 |
---------------+----------------------------+-----
Dodging        | 3 4 5 6 |  6.2
Conjurations   | 2 3 4 6 |  6.5
Spellcasting   | 5 6 7 8 |  8.9
Translocations | 2 3 |  3.1
Fire Magic     | 1 2 4 5 6 |  6.0
Air Magic      | 1 2 |  2.0
Poison Magic   | 1 2 3 |  3.0
Stealth        | |  2.4
Summonings     | |  1.1

Action                   |  1- 3 |  4- 6 |  7- 9 || total
-------------------------+-------+-------+-------++-------
Melee: Dagger            |     9 |     8 |       ||    17
       Unarmed           |       |       |     5 ||     5
       Staff             |       |       |     1 ||     1
 Cast: Magic Dart        |    65 |   118 |   265 ||   448
       Mephitic Cloud    |     1 |     9 |    11 ||    21
       Conjure Flame     |       |     4 |     7 ||    11
       Blink             |       |     1 |       ||     1
  Use: Scroll            |       |     4 |       ||     4
 Stab: Confused          |     1 |       |       ||     1
  Eat: Chunk             |       |     6 |     9 ||    15
       Ration            |       |     1 |     1 ||     2
Armor: Robe              |     4 |     5 |     6 ||    15
Dodge: Dodged            |    20 |    18 |    41 ||    79

Table legend:
 A = Non-vault XP
 B = Vault XP
 C = Vault XP percentage of total XP
 D = Non-vault monster count
 E = Vault monster count
 F = Vault count percentage of total count
                 A         B        C        D         E       F
            +---------+---------+-------+---------+---------+-------
      Total |    2793 |     443 |  13.7 |     116 |      10 |   7.9
            +---------+---------+-------+---------+---------+-------
        D:1 |      25 |       0 |   0.0 |      16 |       0 |   0.0
        D:2 |     116 |     222 |  65.7 |      22 |       2 |   8.3
        D:3 |      71 |       0 |   0.0 |      15 |       0 |   0.0
        D:4 |     540 |       0 |   0.0 |      20 |       0 |   0.0
        D:5 |     535 |     221 |  29.2 |      14 |       8 |  36.4
        D:6 |     515 |       0 |   0.0 |       7 |       0 |   0.0
        D:7 |     991 |       0 |   0.0 |      22 |       0 |   0.0
            +---------+---------+-------+---------+---------+-------
